 Dungeon Crawl Stone Soup version 0.23.1 (webtiles) character file.

Game seed: 3727229297497427971

9280 nuthulu the Severer (level 11, -2/73 HPs)
             Began as a Hill Orc Fighter on Mar 11, 2019.
             Was a High Priest of Okawaru.
             Killed from afar by a raiju (12 damage)
             ... with a living lightning
             ... on level 2 of the Abyss.
             The game lasted 00:19:17 (10781 turns).

nuthulu the Severer (Hill Orc Fighter)             Turns: 10781, Time: 00:19:18

Health: -2/73      AC: 21    Str: 22    XL:     11   Next: 44%
Magic:  0/13       EV:  9    Int:  8    God:    Okawaru [*****.]
Gold:   439        SH: 16    Dex: 13    Spells: 10/10 levels left

rFire    . . .     SeeInvis +   F - +2 war axe (chop)
rCold    + . .     Gourm    .   c - +1 shield
rNeg     . . .     Faith    .   t - +0 plate armour
rPois    .         Spirit   +   (no helmet)
rElec    .         Reflect  .   (no cloak)
rCorr    .         Harm     .   z - +1 pair of gloves
MR       .....                  e - +2 pair of boots
Stlth    ..........             y - amulet of guardian spirit
HPRegen  0.22/turn              h - ring of protection from cold
MPRegen  0.13/turn              E - ring of see invisible

@: heroism
A: slimy green scales 1, agile 1, frail 1, MP-powered wands
a: Heroism, Finesse, Renounce Religion


You were on level 2 of the Abyss.
You worshipped Okawaru.
Okawaru was extremely pleased with you.
You were not hungry.

You visited 2 branches of the dungeon, and saw 10 of its levels.
You visited the Abyss 1 time.
You also visited: Sewer and Ossuary.

You collected 439 gold pieces.

Inventory:

Hand Weapons
 F - a +2 war axe of chopping (weapon)
Armour
 b - a +0 scale mail
 c - a +1 shield (worn)
 e - a +2 pair of boots (worn)
 t - a +0 plate armour (worn)
 z - a +1 pair of gloves (worn)
Jewellery
 h - a ring of protection from cold (left hand)
 j - an uncursed ring of protection from cold
 y - an amulet of guardian spirit (around neck)
 E - a ring of see invisible (right hand)
Wands
 n - a wand of polymorph (4)
 s - a wand of iceblast (18)
 B - a wand of flame (18)
Scrolls
 l - 2 scrolls of fear
 p - 4 scrolls of remove curse
 w - 3 scrolls of teleportation
 A - 3 scrolls of amnesia
 D - a scroll of magic mapping
Potions
 a - a potion of lignification {unknown}
 d - a potion of might
 g - a potion of agility
 i - a potion of ambrosia
 k - a potion of curing
 m - 3 potions of magic
 o - a potion of invisibility
 q - 3 potions of flight
 r - a potion of haste
 u - 2 potions of resistance
 v - a potion of cancellation
 x - 2 potions of berserk rage
 C - 2 potions of brilliance
 H - 3 potions of heal wounds {unknown}
Comestibles
 f - 9 rations
 G - 5 chunks of flesh


   Skills:
 - Level 3.6(8.6) Fighting
 - Level 16.4(21.4) Axes
 - Level 3.2(8.2) Armour
 * Level 12.2(17.2) Shields
 + Level 2.9 Invocations


You had 10 spell levels left.
You didn't know any spells.
Your spell library contained the following spells:

 Spells                   Type           Power        Failure   Level  Hunger
 Magic Dart               Conj           #...         100%        1    ##.....
 Sandblast                Erth           #.....       100%        1    ##.....
 Passwall                 Tmut/Erth      #.......     100%        2    ###....
 Searing Ray              Conj           #.....       100%        2    ###....
 Dazzling Spray           Conj/Hex       #.....       100%        3    ####...
 Stone Arrow              Conj/Erth      #.....       100%        3    ####...
 Force Lance              Conj/Tloc      #.......     100%        4    #####..
 Fulminant Prism          Conj/Hex       #.........   100%        4    #####..
 Iskenderun's Mystic Bla  Conj           #.......     100%        4    #####..
 Petrify                  Tmut/Erth      #.......     100%        4    #####..
 Lee's Rapid Deconstruct  Erth           #.........   100%        5    ######.


Dungeon Overview and Level Annotations

Branches:
Dungeon (9/15)             Temple (1/1) D:4
   Lair: D:8-11         Orc: D:9-12

Altars:
Ashenzari
Cheibriados
Dithmenos
Elyvilon
Fedhas
Hepliaklqana
Kikubaaqudgha
Makhleb
Nemelex Xobeh
Okawaru
Qazlal
Ru
Sif Muna
Trog
Uskayaw
Vehumet
Wu Jian
Xom
Yredelemnul
Zin
The Shining One

Annotations:
D:9 Erolcha


Innate Abilities, Weirdness & Mutations

You are partially covered in slimy green scales. (AC +2)
You are agile. (Dex +2)
You are frail. (-10% HP)
You expend magic power (3 MP) to strengthen your wands.


Message History

You slice the raiju!!
You kill the raiju!
Okawaru accepts your kill.
You closely miss the raiju.
Your plate armour prevents you from hitting the raiju.
You block the raiju's attack. x2
Unknown command.
Okay, then.
You hit the raiju but do no damage. You miss the raiju.
The raiju bursts into living lightning!
The living lightning hits you!
* * * LOW HITPOINT WARNING * * *
The living lightning hits you.
* * * LOW HITPOINT WARNING * * *
The raiju blinks!
Okay, then.
You feel better. The raiju bites you but does no damage.
The raiju bursts into living lightning!
The living lightning hits you!
You die...

... #.# . .. #.##
.# #. ##.# ##.
.... #.##.>###..
.... #......#h#
....#.......###.
................
....#..h#ยง.....#
.# # .#@..# ### #
##.###.# #.# #
### .# ##


You could see 2 raiju.

Vanquished Creatures
  Erica (D:9)
  3 two-headed ogres (D:9)
  Psyche (D:8)
  Joseph (D:7)
  Grinder (D:6)
  A raiju (Abyss:2)
  Prince Ribbit (D:6)
  3 hippogriffs
  Sigmund (D:6)
  A wraith (Ossuary)
  A hungry ghost (D:8)
  Edmund (D:6)
  An ice beast (D:7)
  2 phantoms
  A sky beast (D:6)
  An eye of draining (D:9)
  An orc warrior (D:8)
  A necrophage (D:9)
  11 ogres
  A centaur (D:6)
  6 big kobolds (Sewer)
  2 bullfrogs
  A water moccasin zombie (D:8)
  A scorpion (D:9)
  6 killer bees (D:9)
  5 wights (D:7)
  2 electric eels (D:8)
  4 howler monkeys
  3 crimson imps
  2 jellies (D:8)
  A centaur zombie (D:7)
  A quasit (D:9)
  5 orc priests
  8 hounds
  A bullfrog skeleton (D:9)
  2 iguanas
  6 orc wizards
  12 worker ants
  2 ogre zombies (D:9)
  A hound zombie (D:7)
  2 hound skeletons (D:9)
  A mummy (Ossuary)
  A worker ant zombie (D:6)
  A river rat (Sewer)
  9 adders
  3 shadow imps
  7 oozes
  4 worms
  A dart slug (D:2)
  3 leopard geckos
  22 orcs
  5 giant cockroaches
  2 gnoll zombies (D:6)
  4 goblins
  9 hobgoblins
  4 jackals (D:9)
  9 kobolds
  4 quokkas
  3 ball pythons
  4 bats
  4 frilled lizards
  10 gnoll skeletons (Ossuary)
  A jackal skeleton (D:7)
  4 kobold skeletons (Ossuary)
  A leopard gecko skeleton (D:8)
  A leopard gecko zombie (D:5)
  11 orc skeletons (Ossuary)
  A quokka zombie (D:7)
  10 rats
247 creatures vanquished.

Vanquished Creatures (others)
  An orc wizard (D:8)
  2 orcs (D:8)
  A quokka (D:8)
4 creatures vanquished.

Grand Total: 251 creatures vanquished

Notes
Turn   | Place    | Note
-------+----------+-------------------------------------------
     0 | D:1      | nuthulu the Hill Orc Fighter began the quest for the Orb.
     0 | D:1      | Reached XP level 1. HP: 19/19 MP: 1/1
   152 | D:1      | Reached skill level 3 in Axes
   194 | D:1      | Reached XP level 2. HP: 18/26 MP: 2/2
  1193 | D:2      | Reached XP level 3. HP: 26/31 MP: 3/3
  1557 | D:2      | Reached skill level 4 in Axes
  1700 | D:2      | Found a hide-covered altar of Uskayaw.
  2228 | D:3      | Reached XP level 4. HP: 27/39 MP: 4/4
  2969 | D:4      | Noticed a phantom
  2991 | D:4      | Killed a phantom
  2991 | D:4      | Reached skill level 5 in Axes
  2991 | D:4      | Reached skill level 5 in Shields
  2991 | D:4      | Reached XP level 5. HP: 7/45 MP: 5/5
  3399 | D:4      | Gained mutation: You are partially covered in slimy green
                  | scales. (AC +2) [potion of mutation]
  3399 | D:4      | Gained mutation: You are frail. (-10% HP) [potion of
                  | mutation]
  3399 | D:4      | Gained mutation: You are agile. (Dex +2) [potion of
                  | mutation]
  3399 | D:4      | Gained mutation: You expend magic power (3 MP) to
                  | strengthen your wands. [potion of mutation]
  3442 | D:4      | Found a shimmering altar of Xom.
  3542 | D:4      | Reached skill level 6 in Axes
  3542 | D:4      | Reached XP level 6. HP: 40/45 MP: 6/6
  4014 | D:4      | Found a staircase to the Ecumenical Temple.
  4136 | Temple   | Entered the Ecumenical Temple
  4421 | D:4      | Reached skill level 7 in Axes
  4421 | D:4      | Reached XP level 7. HP: 18/51 MP: 7/7
  4841 | D:5      | Entered Level 5 of the Dungeon
  4995 | D:5      | Found a sand-covered staircase.
  5004 | Ossuary  | Entered an ossuary
  5004 | Ossuary  | Noticed a wraith
  5004 | Ossuary  | Noticed a wraith
  5004 | Ossuary  | Noticed a wraith
  5241 | Ossuary  | Noticed a wraith
  5265 | Ossuary  | Killed a wraith
  5376 | D:5      | Found an iron altar of Okawaru.
  5424 | D:5      | Found a shadowy altar of Dithmenos.
  5471 | D:5      | Became a worshipper of Warmaster Okawaru
  5650 | D:5      | Found a snail-covered altar of Cheibriados.
  5676 | D:5      | Found a blossoming altar of Fedhas.
  5884 | D:6      | Found a glowing drain.
  5895 | Sewer    | Entered a sewer
  5921 | Sewer    | Reached skill level 8 in Axes
  6057 | Sewer    | Reached XP level 8. HP: 57/57 MP: 8/8
  6179 | Sewer    | Reached skill level 9 in Axes
  6319 | Sewer    | Reached * piety under Okawaru
  6635 | D:6      | Noticed Edmund
  6667 | D:6      | Killed Edmund
  6667 | D:6      | Reached skill level 10 in Axes
  6707 | D:6      | Noticed Sigmund
  6711 | D:6      | Noticed Grinder
  6742 | D:6      | Killed Sigmund
  6743 | D:6      | Reached ** piety under Okawaru
  6743 | D:6      | Reached XP level 9. HP: 60/63 MP: 9/9
  6772 | D:6      | Killed Grinder
  6829 | D:6      | Noticed Prince Ribbit
  6910 | D:6      | Found a basalt altar of Yredelemnul.
  6939 | D:6      | Reached skill level 11 in Axes
  7159 | D:6      | Killed Prince Ribbit
  7202 | D:7      | Reached skill level 10 in Shields
  7485 | D:7      | Noticed Joseph
  7512 | D:7      | Killed Joseph
  7512 | D:7      | Reached *** piety under Okawaru
  7512 | D:7      | Reached skill level 12 in Axes
  8156 | D:8      | Reached XP level 10. HP: 69/69 MP: 10/10
  8356 | D:8      | Reached skill level 13 in Axes
  8884 | D:8      | Found a white marble altar of Elyvilon.
  8884 | D:8      | Noticed Psyche
  8897 | D:8      | Killed Psyche
  9147 | D:9      | Noticed a two-headed ogre
  9159 | D:9      | Killed a two-headed ogre
  9159 | D:9      | Reached **** piety under Okawaru
  9159 | D:9      | Reached skill level 14 in Axes
  9339 | D:9      | Reached skill level 15 in Axes
  9359 | D:9      | HP: 3/68 [phantom (2)]
  9702 | D:9      | Reached XP level 11. HP: 66/73 MP: 1/11
  9785 | D:9      | Noticed Erica
  9785 | D:9      | Noticed a two-headed ogre
  9811 | D:9      | Killed Erica
  9811 | D:9      | Reached ***** piety under Okawaru
  9811 | D:9      | Reached skill level 16 in Axes
  9816 | D:9      | Killed a two-headed ogre
 10218 | D:9      | Found a radiant altar of Vehumet.
 10281 | D:9      | Reached skill level 1 in Invocations
 10416 | D:9      | Noticed a two-headed ogre
 10426 | D:9      | Killed a two-headed ogre
 10750 | D:9      | Noticed Erolcha
 10760 | D:9      | Cast into level 2 of the Abyss (Erolcha)
 10780 | Abyss:2  | HP: 1/73 [raiju/living lightning (5)]
 10781 | Abyss:2  | Killed from afar by a raiju

Skill      XL: |  1  2  3  4  5  6  7  8  9 10 11 |
---------------+----------------------------------+-----
Axes           | 3 4 5 6 7 8 10 12 15 16 | 16.4
Shields        | 4 5 6 7 9 11 12 | 12.2
Invocations    | 2 |  2.9
Fighting       | |  3.6
Armour         | |  3.2

Action                   |  1- 3 |  4- 6 |  7- 9 | 10-12 || total
-------------------------+-------+-------+-------+-------++-------
Melee: War axe           |   118 |   112 |   503 |   332 ||  1065
Invok: Heroism           |       |       |     1 |     5 ||     6
  Use: Scroll            |     9 |     8 |    13 |     1 ||    31
       Potion            |       |     1 |       |     4 ||     5
  Eat: Chunk             |     4 |     3 |    11 |     6 ||    24
       Ration            |       |     1 |     1 |     2 ||     4
Armor: Scale mail        |    53 |    49 |     8 |       ||   110
       Plate armour      |       |       |   207 |   100 ||   307
Dodge: Dodged            |    36 |    26 |    61 |    27 ||   150
Block: Shield            |    63 |    76 |   272 |   157 ||   568
